 Dungeon Crawl Stone Soup version 0.16-a0-3976-g683f154 (webtiles) character file.

1503 timbw the Carver (level 8, -4/55 HPs)
             Began as a High Elf Gladiator on Feb 11, 2015.
             Slain by a hell rat (19 damage)
             ... on level 8 of the Dungeon.
             The game lasted 00:13:28 (2737 turns).

timbw the Carver (High Elf Gladiator)               Turns: 2737, Time: 00:13:28

Health: -4/55      AC:  3    Str: 16      XL:     8   Next: 52%
Magic:  13/13      EV: 12    Int: 13      God:
Gold:   206        SH:  0    Dex: 12 (17) Spells: 0 memorised, 7 levels left

rFire  . . .     SeeInvis .     y - +0 scimitar
rCold  . . .     Clarity  .     d - troll hide
rNeg   . . .     SustAb   .     (no shield)
rPois  .         Gourm    .     c - +0 helmet
rElec  .         Spirit   .     (no cloak)
rCorr  .         Warding  .     (no gloves)
rMut   .         Stasis   .     (no boots)
MR     .....                    (no amulet)
Stlth  +.........               (no ring)
                                h - +2 ring of strength

@: not resistant to hostile enchantments, very unstealthy
A: no striking features
a: no special abilities


You were on level 8 of the Dungeon.
You were hungry.

You visited 1 branch of the dungeon, and saw 8 of its levels.

You collected 206 gold pieces.

Inventory:

Hand weapons
 a - a +0 long sword
 j - a +2 vampiric trident
 y - a +0 scimitar (weapon)
Missiles
 e - 3 tomahawks (quivered)
 m - 6 needles of sleeping
Armour
 b - a +0 leather armour
 c - a +0 helmet (worn)
 d - a troll hide (worn)
 n - a +0 ring mail
Jewellery
 h - a +2 ring of strength (left hand)
Magical devices
 q - a wand of fire (0)
 w - a wand of disintegration (8)
Scrolls
 g - a scroll of remove curse
 i - a scroll of blinking {unknown}
 o - a scroll of fog {unknown}
 r - a scroll of amnesia {unknown}
 u - a scroll of enchant armour {unknown}
 x - a scroll of teleportation {unknown}
Potions
 l - a potion of brilliance
 s - a potion of invisibility {unknown}
 t - a potion of beneficial mutation {unknown}
Comestibles
 f - a bread ration
 k - a royal jelly
 p - a slice of pizza
 v - 2 meat rations


   Skills:
 + Level 5.1 Fighting
 * Level 10.5 Long Blades
 - Level 2.1 Throwing
 + Level 4.0 Armour
 - Level 3.2 Dodging


You had 7 spell levels left.
You didn't know any spells.

Dungeon Overview and Level Annotations

Branches:
Dungeon (8/15)               Lair (0/8) D:8
 Temple: D:4-7

Altars:
Ashenzari
Kikubaaqudgha
Makhleb
Qazlal
Ru
Yredelemnul
Zin

Annotations:
D:4 Prince Ribbit


Message History

Okay, then.
Read which item? (? for menu, Esc to quit)
Okay, then.
You are feeling hungry.
You hit the quokka.
You kill the quokka!
Unknown command.
The hell rat bites you.
* * * LOW HITPOINT WARNING * * *
The hell rat barely misses you.
There is an open door here.
The hell rat barely misses you. The quokka closely misses you.
The hell rat bites you.
* * * LOW HITPOINT WARNING * * *
There is an open door here.
The hell rat twitches its whiskers.
The hell rat bites you.
* * * LOW HITPOINT WARNING * * *
You open the door. The hell rat bites you!!
You die...

#.......##....##
#.......##..[.##
#...†..........#
#..............#
#...)..........#
#.......##.....#
#####'#######'##
#.....r.##.....#
#......r@#.....#
#........'>....#
#.......##.....#
#.......######.#
#........ ##
........#
......## ######


You could see a hell rat and a quokka.

Vanquished Creatures
  Erolcha (D:8)
  A troll (D:5)
  Edmund (D:4)
  An ogre (D:5)
  A phantom (D:5)
  A giant frog (D:8)
  A goliath beetle (D:8)
  A quasit (D:8)
  A worker ant (D:5)
  2 hounds
  A giant frog skeleton (D:4)
  An orc priest (D:3)
  Natasha (D:4)
  An iguana (D:5)
  2 hound zombies (D:5)
  4 gnolls
  A shadow imp (D:5)
  5 adders
  3 adder skeletons
  2 giant geckos
  5 orcs
  5 bats
  A bat skeleton (D:3)
  2 giant cockroaches
  4 goblins
  8 jackals
  7 kobolds
  4 quokkas
  2 giant gecko skeletons
  5 rats
75 creatures vanquished.

Notes
Turn   | Place    | Note
--------------------------------------------------------------
     0 | D:1      | timbw, the High Elf Gladiator, began the quest for the Orb.
     0 | D:1      | Reached XP level 1. HP: 14/14 MP: 2/2
    29 | D:2      | You fall through a shaft!
    31 | D:3      | Reached skill level 4 in Long Blades
    31 | D:3      | Reached XP level 2. HP: 19/19 MP: 3/3
    96 | D:3      | Found a sacrificial altar of Ru.
   253 | D:3      | Reached skill level 5 in Long Blades
   270 | D:3      | Noticed an orc priest
   278 | D:3      | Killed an orc priest
   278 | D:3      | Reached XP level 3. HP: 18/24 MP: 5/5
   507 | D:4      | Noticed Prince Ribbit
   559 | D:3      | Reached skill level 6 in Long Blades
   559 | D:3      | Reached XP level 4. HP: 6/29 MP: 7/7
   747 | D:5      | Entered Level 5 of the Dungeon
   884 | D:5      | Found a burning altar of Makhleb.
   884 | D:5      | Found a glowing silver altar of Zin.
   885 | D:5      | Noticed an angel
   885 | D:5      | Noticed a blizzard demon
  1005 | D:5      | Reached XP level 5. HP: 30/34 MP: 8/8
  1024 | D:5      | Noticed a phantom
  1052 | D:5      | Killed a phantom
  1052 | D:5      | Reached skill level 7 in Long Blades
  1052 | D:5      | Reached skill level 1 in Armour
  1184 | D:5      | Noticed a troll
  1199 | D:5      | Reached XP level 6. HP: 33/41 MP: 10/10
  1251 | D:4      | Noticed Natasha
  1257 | D:4      | Killed Natasha
  1435 | D:4      | Noticed Edmund
  1450 | D:4      | Killed Edmund
  1450 | D:4      | Reached skill level 8 in Long Blades
  1517 | D:4      | Found a shattered altar of Ashenzari.
  1568 | D:4      | Found a basalt altar of Yredelemnul.
  2071 | D:5      | Reached XP level 7. HP: 40/46 MP: 12/12
  2182 | D:5      | Killed a troll
  2182 | D:5      | Reached skill level 9 in Long Blades
  2358 | D:6      | Found an ancient bone altar of Kikubaaqudgha.
  2473 | D:7      | Found a stormy altar of Qazlal.
  2538 | D:8      | Found a glowing silver altar of Zin.
  2589 | D:8      | Noticed Erolcha
  2601 | D:8      | Killed Erolcha
  2601 | D:8      | Reached skill level 5 in Fighting
  2601 | D:8      | Reached skill level 10 in Long Blades
  2601 | D:8      | Reached XP level 8. HP: 24/55 MP: 13/13
  2667 | D:8      | Found a staircase to the Lair.
  2671 | D:8      | Noticed a blink frog
  2737 | D:8      | Slain by a hell rat

Action                   |  1- 3 |  4- 6 |  7- 9 || total
-------------------------+-------+-------+-------++-------
Melee: Long sword        |    58 |   132 |    37 ||   227
       Scimitar          |       |       |    48 ||    48
Throw: Throwing net      |     1 |     2 |     1 ||     4
       Tomahawk          |       |     3 |       ||     3
Evoke: Wand              |       |       |    11 ||    11
  Use: Scroll            |       |     3 |     5 ||     8
       Potion            |       |       |     2 ||     2
 Stab: Sleeping          |     1 |       |       ||     1
       Held in net/web   |     1 |     1 |       ||     2
  Eat: Chunk             |       |     4 |     2 ||     6
